 Dungeon Crawl Stone Soup version 0.28.0-53-g5a82cb258f (webtiles) character file.

Game seed: 16136478387234815926

128 Zeld the Skirmisher (level 5, -2/43 HPs)
             Began as a Formicid Fighter on May 21, 2022.
             Slain by Terence
             ... wielding a +0 trident
              (6 damage)
             ... on level 2 of the Dungeon.
             The game lasted 00:01:37 (2218 turns).

Zeld the Skirmisher (Formicid Fighter)              Turns: 2218, Time: 00:01:38

Health: -2/43      AC:  7    Str: 22    XL:     5   Next: 33%
Magic:  5/5        EV:  9    Int:  8    God:
Gold:   30         SH:  4    Dex: 10    Spells: 4/4 levels left

rFire   . . .      SeeInvis +   a - +0 long sword
rCold   . . .      Faith    .   c - +0 buckler
rNeg    . . .      Spirit   .   b - +0 scale mail
rPois   .          Reflect  .   (helmet unavailable)
rElec   .          Harm     .   (no cloak)
rCorr   .          Rampage  .   (no gloves)
Will    .....                   (no boots)
Stlth   ..........              (no amulet)
HPRegen 0.14/turn               (no ring)
MPRegen 0.09/turn               (no ring)

@: no status effects
A: permanent stasis, dig shafts and tunnels, antennae 3, four strong arms
a: Dig, Shaft Self


You were on level 2 of the Dungeon.
You visited 1 branch of the dungeon, and saw 2 of its levels.

You collected 54 gold pieces.
You spent 24 gold pieces at shops.

Inventory:

Hand Weapons
 a - a +0 long sword (weapon)
Armour
 b - a +0 scale mail (worn)
 c - a +0 buckler (worn)
Scrolls
 e - 3 scrolls of identify
 f - 2 scrolls of blinking {unknown}
 h - a scroll of immolation {unknown}
 i - a scroll of torment {unknown}
 k - a scroll of brand weapon {unknown}
Potions
 d - a potion of might
 g - 2 potions of curing {unknown}
 j - 2 potions of magic {unknown}


   Skills:
 * Level 4.3 Fighting
 * Level 3.2 Long Blades
 + Level 3.8 Armour
 + Level 1.2 Dodging
 + Level 4.1 Shields


You had 4 spell levels left.
You didn't know any spells.
Your spell library was empty.

Dungeon Overview and Level Annotations

Branches:
Dungeon (2/15)

Altars:
Beogh

Shops:
D:1 =*

Annotations:
D:2 Terence


Innate Abilities, Weirdness & Mutations

You cannot be hasted, slowed, berserked, paralysed or teleported.
You can dig through walls and to a lower floor.
You have a pair of large antennae on your head. (SInv)
Your four strong arms can wield two-handed weapons with a shield.


Message History

Terence the Incautious comes into view.
He is wielding a +0 trident.
Terence shouts!
Terence is nearby!
Terence is nearby!
Found 17 gold pieces.
Found a stone staircase leading down.
Terence hits you with a +0 trident.
You hit Terence.
Terence is moderately wounded.
Terence hits you with a +0 trident.
You barely miss Terence.
Terence is moderately wounded.
Terence hits you with a +0 trident!
You slash Terence!
Terence is severely wounded.
Terence hits you but does no damage. x2
You closely miss Terence.
Terence is severely wounded.
Terence barely misses you.
You barely miss Terence.
Terence is severely wounded.
Terence hits you with a +0 trident.
You closely miss Terence.
Terence is severely wounded.
Terence hits you with a +0 trident. x2
You are too injured to fight recklessly!
You hit Terence but do no damage.
Terence is severely wounded.
Terence hits you with a +0 trident.
You are too injured to fight recklessly!
You hit Terence but do no damage.
Terence is severely wounded.
Terence hits you with a +0 trident.
You are too injured to fight recklessly!
You closely miss Terence.
Terence is severely wounded.
Terence barely misses you. Terence hits you with a +0 trident!
* * * LOW HITPOINT WARNING * * *
You are too injured to fight recklessly!
Terence hits you from afar with a +0 trident.
You die...

#...#.....#
#.# #.#
#...#.....#
#.## #.#
#...#######
#..# #.#
#...# ##.#
### #...#
#.## #####
#..# ###.#
#...# #..@#
### #...#
..# #..@#
#.# #....
#.# #...#.
..# #...#..
..# #...#
.# ..#
#..$# >#
†.# #...# #


You could see Terence.

Vanquished Creatures
  Natasha (twice) (D:2)
  2 adders (D:2)
  4 dart slugs (D:1)
  3 ball pythons
  4 bats
  An endoplasm (D:1)
  A giant cockroach (D:1)
  8 goblins
  9 hobgoblins
  3 jackals (D:1)
  4 kobolds
  A quokka (D:2)
  2 frilled lizards
  4 rats
48 creatures vanquished.

Notes
Turn   | Place    | Note
-------+----------+-------------------------------------------
     0 | D:1      | Zeld the Formicid Fighter began the quest for the Orb.
     0 | D:1      | Reached XP level 1. HP: 18/18 MP: 1/1
   160 | D:1      | Reached XP level 2. HP: 22/24 MP: 2/2
   455 | D:1      | Found Elat's Jewellery Shoppe.
   466 | D:1      | Reached XP level 3. HP: 23/30 MP: 3/3
   608 | D:1      | Found Upaod's General Store.
   615 | D:1      | Bought a scroll of identify for 24 gold pieces
   856 | D:1      | Found a faded altar of an unknown god.
  1384 | D:2      | Reached XP level 4. HP: 37/37 MP: 4/4
  1469 | D:2      | Noticed Natasha
  1489 | D:2      | Killed Natasha
  1490 | D:2      | Reached skill level 1 in Dodging
  1704 | D:2      | Noticed Natasha
  1709 | D:2      | Reached XP level 5. HP: 41/42 MP: 5/5
  1721 | D:2      | Killed Natasha
  2205 | D:2      | Noticed Terence
  2218 | D:2      | Slain by Terence

Illustrated notes

Levels and vault maps discovered:
D:1:      lordsloth_arrival_two_stooges, layout_loops_corners,
          hellmonk_ecumenical_altar_defaced_shrine, serial_shops,
          nicolae_shop_crystal, nicolae_shop_statue_plus
D:2:      layout_basic, serial_shops, nicolae_lakefront_shop,
          roderic_serpentine_path, uniq_natasha, uniq_terence

Skill      XL: |  1  2  3  4 |
---------------+-------------+-----
Fighting       | 4 |  4.3
Long Blades    | 3 |  3.2
Dodging        | 1 |  1.2
Shields        | 4 |  4.1
Armour         | |  3.8

Action                   |  1- 3 |  4- 6 || total
-------------------------+-------+-------++-------
Melee: Long sword        |   102 |    49 ||   151
Armor: Scale mail        |    71 |    19 ||    90
Dodge: Dodged            |    50 |    27 ||    77
Block: Buckler           |    31 |    10 ||    41
